 Dungeon Crawl Stone Soup version 0.27-a0-1113-gb2b6fe9c5e (webtiles) character file.

Game seed: 12945941335871486659

1587 Feb132020 the Digger (level 8, -1/48 HPs)
             Began as a Gargoyle Earth Elementalist on Apr 30, 2021.
             Was a Follower of Sif Muna.
             Slain by Prince Ribbit (12 damage)
             ... on level 6 of the Dungeon on May 1, 2021.
             The game lasted 00:30:06 (7123 turns).

Feb132020 the Digger (Gargoyle Earth Elementalist)  Turns: 7123, Time: 00:30:07

Health: -1/48      AC: 14    Str: 11    XL:     8   Next: 92%
Magic:  4/14       EV: 13    Int: 19    God:    Sif Muna [*.....]
Gold:   191        SH:  0    Dex: 10    Spells: 9/15 levels left

rFire    . . .     SeeInvis .   e - +3 dagger (flame)
rCold    . . .     Faith    .   (no shield)
rNeg     + . .     Spirit   .   c - +0 robe
rPois    ∞         Reflect  .   (no helmet)
rElec    +         Harm     .   (no cloak)
rCorr    .         Rampage  .   i - +1 pair of gloves
Will     .....                  p - +0 pair of boots
Stlth    +++.......             (no amulet)
HPRegen  0.16/turn              l - ring of wizardry
MPRegen  0.14/turn              r - +4 ring of protection

@: no status effects
A: AC +5, negative energy resistance 1, electricity resistance, torment
resistance 1, unbreathing 1, petrification resistance
a: Renounce Religion, Channel Magic


You were on level 6 of the Dungeon.
You worshipped Sif Muna.
Sif Muna was aware of your devotion.
You visited 1 branch of the dungeon, and saw 6 of its levels.
You also visited: Sewer.

You collected 389 gold pieces.
You spent 198 gold pieces at shops.

Inventory:

Hand Weapons
 a - a +0 club
 e - a +3 dagger of flaming (weapon)
 n - a +1 whip of electrocution
 A - the +9 scimitar of the Absolute Madman {freeze, rElec rPois Dex-5}
   (You bought it in a shop on level 1 of the Dungeon)

   It has been specially enchanted to freeze those struck by it, causing extra
   injury to most foes and up to half again as much damage against particularly
   susceptible opponents.
   It can also slow down cold-blooded creatures.
   It affects your dexterity (-5).
   It insulates you from electricity.
   It protects you from poison.
Missiles
 b - 86 stones
 o - 4 curare-tipped darts
Armour
 c - a +0 robe (worn)
 i - a +1 pair of gloves (worn)
 p - a +0 pair of boots (worn)
Jewellery
 l - a ring of wizardry (left hand)
 r - a +4 ring of protection (right hand)
Scrolls
 d - 2 scrolls of amnesia
 m - 4 scrolls of teleportation
 s - a scroll of silence
 t - 3 scrolls of enchant armour
 v - a scroll of fear {unknown}
 w - a scroll of immolation {unknown}
 x - a scroll of holy word {unknown}
 y - a scroll of noise {unknown}
Potions
 f - a potion of heal wounds
 g - a potion of resistance {unknown}
 h - 2 potions of flight
 j - 2 potions of brilliance
 k - a potion of curing {unknown}
 q - a potion of berserk rage {unknown}
 u - a potion of cancellation {unknown}
 z - a potion of might {unknown}


   Skills:
 + Level 4.0 Fighting
 + Level 1.1 Maces & Flails
 + Level 4.8 Dodging
 + Level 5.7 Stealth
 + Level 4.4 Spellcasting
 + Level 3.0 Conjurations
 + Level 0.8 Transmutations
 + Level 6.5 Earth Magic


You had 9 spell levels left.
You knew the following spells:

 Your Spells              Type           Power      Damage    Failure   Level
a - Sandblast             Erth           56%        2d13      1%          1
b - Stone Arrow           Conj/Erth      44%        3d9       2%          3
p - Passwall              Tmut/Erth      15%        N/A       1%          2

Your spell library contained the following spells:

 Spells                   Type           Power      Damage    Failure   Level
 Animate Skeleton         Necr           8%         N/A       5%          1
 Apportation              Tloc           8%         N/A       5%          1
 Corona                   Hex            4%         N/A       5%          1
 Summon Small Mammal      Summ           16%        N/A       5%          1
 Slow                     Hex            4%         N/A       9%          2
 Lee's Rapid Deconstruct  Erth           14%        3d10*     11%         5
 Petrify                  Tmut/Erth      18%        N/A       12%         4
 Leda's Liquefaction      Hex/Erth       8%         N/A       14%         4
 Inner Flame              Hex/Fire       4%         N/A       16%         3
 Portal Projectile        Hex/Tloc       8%         N/A       16%         3
 Cause Fear               Hex            2%         N/A       45%         4


Dungeon Overview and Level Annotations

Branches:
Dungeon (6/15)             Temple (0/1) D:4           Sewer (visited)

Altars:
Ashenzari
Dithmenos
Kikubaaqudgha
Nemelex Xobeh
Okawaru
Sif Muna
Trog
Vehumet

Shops:
D:1 (   D:3 :(

Annotations:
D:6 3 runed translucent doors, exclusion: door, Howlingfantods's ghost, amateur MiFi; Prince Ribbit


Innate Abilities, Weirdness & Mutations

Your stone body is resilient. (AC +5)
You are immune to poison.
You resist negative energy. (rN+)
You are resistant to electric shocks. (rElec)
You are resistant to unholy torment.
You can survive without breathing.
You are immune to petrification.


Message History

Press: ? - help, Shift-Dir - straight line, f/p - steam dragon
Aim: a steam dragon (almost dead, 81% to hit)
The blast of sand hits the steam dragon!
You kill the steam dragon!
Sif Muna accepts your kill.
The steam dragon scales are intact enough to wear.
Prince Ribbit hits you.
Your Conjurations skill increases to level 3!
Prince Ribbit catches a mouse with his tongue.
Prince Ribbit barely misses you.
The centaur skeleton closely misses you.
The centaur skeleton kicks you but does no damage.
Prince Ribbit catches a baby bat with his tongue.
Prince Ribbit hits you but does no damage.
Prince Ribbit blinks! x2
Prince Ribbit blinks!
The centaur skeleton hits you but does no damage.
The centaur skeleton kicks you but does no damage.
You open the door. The centaur skeleton barely misses you.
The centaur skeleton closely misses you.
Prince Ribbit winks and puckers his lips.
There is an open door here.
Prince Ribbit croaks regally.
Prince Ribbit blinks!
You close the door.
You start resting.
Prince Ribbit is nearby!
Prince Ribbit blinks!
Prince Ribbit hits you but does no damage.
Casting: Sandblast (safe; 1% risk of failure)
Confirm with . or Enter, or press ? or * to list all spells.
Aiming: Passwall (safe; 1% risk of failure)
Press: ? - help, Dir - move target A rock wall.
Prince Ribbit hits you!
* * * LOW HITPOINT WARNING * * *
You begin to meditate on the wall.
You continue meditating on the rock.
Prince Ribbit croaks regally.
Prince Ribbit hits you!
You die...

.##.##.#.....# #...#
.##.##.#.....# #...#
....OCh#.>##.###...#
....cWo#......Z+...#
##+++###...#.###...#
.........#.#.# #...#
......#.##...# #...#
......#.###.F# #F..#
......#.###..###@..#
......#........#...#
......#...[.[..#...#
......#.....>..#####
......#........#
#######.####'###
##....# #.#####
#....## #......
#....#####......


You could see Prince Ribbit.

Vanquished Creatures
  A steam dragon (D:6)
  A water moccasin (D:6)
  A sky beast (D:6)
  An ice beast (D:5)
  An ogre (D:6)
  A phantom (D:6)
  A kobold brigand (Sewer)
  A bullfrog (D:6)
  2 scorpions
  A water moccasin zombie (D:5)
  2 water moccasin skeletons
  3 wights (D:5)
  2 hounds
  2 jellies
  A centaur skeleton (D:6)
  Terence (D:2)
  2 orc wizards (D:3)
  An iguana (D:3)
  Natasha (D:2)
  A hound zombie (D:5)
  A hound skeleton (D:5)
  7 adders
  A gnoll (D:3)
  3 river rats (Sewer)
  A white imp (D:3)
  An adder skeleton (D:3)
  A worm (D:2)
  10 orcs
  8 ball pythons
  8 endoplasms
  6 giant cockroaches
  7 goblins
  4 hobgoblins
  4 jackals
  11 kobolds
  5 quokkas
  7 bats
  A frilled lizard (D:2)
  3 rats
116 creatures vanquished.

Notes
Turn   | Place    | Note
-------+----------+-------------------------------------------
     0 | D:1      | Feb132020 the Gargoyle Earth Elementalist began the quest
                  | for the Orb.
     0 | D:1      | Reached XP level 1. HP: 10/10 MP: 3/3
   342 | D:1      | Reached XP level 2. HP: 15/15 MP: 5/5
   351 | D:1      | Reached skill level 4 in Earth Magic
   354 | D:1      | Learned a level 2 spell: Passwall
   446 | D:1      | Found Fuul's Antique Weapon Shoppe.
  1180 | D:2      | Reached XP level 3. HP: 19/19 MP: 3/6
  1245 | D:2      | Noticed Terence
  1860 | D:2      | Found a faded altar of an unknown god.
  1872 | D:2      | Reached skill level 1 in Maces & Flails
  1890 | D:2      | Learned a level 3 spell: Stone Arrow
  2198 | D:1      | Reached XP level 4. HP: 23/24 MP: 7/7
  2282 | D:2      | Upgraded the game from 0.27-a0-1105-g946c659c87 to
                  | 0.27-a0-1113-gb2b6fe9c5e
  2370 | D:2      | Noticed Natasha
  2378 | D:2      | Killed Natasha
  2379 | D:2      | Reached skill level 1 in Fighting
  2516 | D:3      | Found Lazaug's Weapon Emporium.
  2574 | D:3      | Found a sparkling altar of Nemelex Xobeh.
  2788 | D:3      | Reached XP level 5. HP: 29/29 MP: 2/8
  2938 | D:3      | Found a broken altar of Ashenzari.
  2944 | D:3      | Found a shadowy altar of Dithmenos.
  2952 | D:3      | Found a shimmering blue altar of Sif Muna.
  2960 | D:3      | Became a worshipper of Sif Muna the Loreminder
  3176 | D:3      | Reached XP level 6. HP: 35/35 MP: 6/10
  3233 | D:3      | Found Eminwem's Book Boutique.
  3502 | D:3      | Found an iron altar of Okawaru.
  3503 | D:3      | Found a bloodstained altar of Trog.
  3505 | D:3      | Reached skill level 5 in Earth Magic
  4376 | D:4      | Found a staircase to the Ecumenical Temple.
  4507 | D:4      | Found an ancient bone altar of Kikubaaqudgha.
  4803 | D:5      | Entered Level 5 of the Dungeon
  4879 | D:5      | Reached skill level 1 in Conjurations
  4879 | D:5      | Reached XP level 7. HP: 26/40 MP: 5/12
  5057 | D:5      | Found a glowing drain.
  5076 | D:5      | Reached * piety under Sif Muna
  5087 | Sewer    | Entered a sewer
  5502 | Sewer    | Found a white marble altar of Elyvilon.
  6128 | D:5      | Reached XP level 8. HP: 42/46 MP: 9/13
  6426 | D:6      | Found a radiant altar of Vehumet.
  6438 | D:6      | Noticed a cyclops
  6447 | D:6      | Found a runed translucent gate.
  6448 | D:6      | Found a runed translucent gate.
  6453 | D:6      | Noticed Howlingfantods's ghost (amateur MiFi)
  6479 | D:6      | Reached skill level 5 in Stealth
  6584 | D:6      | Reached skill level 6 in Earth Magic
  6688 | D:6      | Found a runed translucent gate.
  6735 | D:6      | Noticed Prince Ribbit
  6871 | D:1      | Bought a transparent scimitar for 198 gold pieces
  6871 | D:1      | Identified the +9 scimitar of the Absolute Madman {freeze,
                  | rElec rPois Dex-5} (You bought it in a shop on level 1 of
                  | the Dungeon)
  6908 | D:2      | Killed Terence
  7123 | D:6      | Slain by Prince Ribbit

Illustrated notes

Levels and vault maps discovered:
D:1:      zaba_arrival_water, layout_basic, serial_shops, shop,
          chequers_serial_rivers_micro_d, feat_on_display
D:2:      layout_basic, ebering_ecumenical_altar_sacrificial, uniq_natasha,
          uniq_terence
D:3:      layout_loops_cross, grunt_temple_overflow_bloody_war,
          nemelex_spade_bored_becter, minmay_overflow_temple_star_quad,
          serial_shops, shop, shop, minmay_quantized
D:4:      layout_basic, kiku_gazebo_garden_becter, temple_hall
D:5:      layout_loops_ring, gup_sewer_entry_pipe,
          chequers_serial_rivers_large_a
D:6:      layout_basic, amcnicky_altar_gilded, gammafunk_ghost_split,
          uniq_prince_ribbit1

Skill      XL: |  1  2  3  4  5  6  7  8 |
---------------+-------------------------+-----
Earth Magic    | 4 5 6 |  6.5
Dodging        | 2 3 4 |  4.8
Maces & Flails | 1 |  1.1
Fighting       | 1 2 3 4 |  4.0
Stealth        | 3 4 5 |  5.7
Spellcasting   | 3 4 |  4.4
Conjurations   | 1 3 |  3.0
Transmutations | |  0.8

Action                   |  1- 3 |  4- 6 |  7- 9 || total
-------------------------+-------+-------+-------++-------
Melee: Club              |    55 |       |       ||    55
       Dagger            |    57 |   145 |   141 ||   343
 Cast: Sandblast         |    14 |    11 |    11 ||    36
       Stone Arrow       |       |    11 |    24 ||    35
       Passwall          |       |       |     1 ||     1
  Use: Scroll            |     1 |     8 |     3 ||    12
 Stab: Sleeping          |     3 |     2 |     6 ||    11
Armor: Robe              |    36 |    54 |    81 ||   171
Dodge: Dodged            |    84 |    81 |    97 ||   262

Table legend: (Time is in decaauts)
 A = Elapsed time spent in this place.
 B = Non-inter-level travel time spent in this place.
 C = Inter-level travel time spent in this place.
 D = Time resting spent in this place.
 E = Time spent auto-exploring this place.
 F = Levels seen in this place.
 G = Mean time per level.
                   A        B        C        D        E       F      G
               +--------+--------+--------+--------+--------+-----+--------+
         Total |   7227 |   6638 |    589 |    249 |   5221 |   7 | 1032.4 |
       Dungeon |   6717 |   6128 |    589 |    200 |   4892 |   6 | 1119.5 |
         Sewer |    509 |    509 |      0 |     49 |    329 |   1 |  509.0 |
               +--------+--------+--------+--------+--------+-----+--------+

Top non-repeatable levels by time:
     D:1: 1392 daAuts
     D:2: 1323 daAuts
     D:3: 1286 daAuts
     D:5: 1143 daAuts
     D:4: 1054 daAuts
     D:6: 517 daAuts
   Sewer: 509 daAuts
